 Dungeon Crawl Stone Soup version 0.19-a0-1608-g4cf22de (webtiles) character file.

1469120 Amnesiac the Slayer (level 23, 144/202 HPs)
             Began as a Mummy Gladiator on Sept 18, 2016.
             Was an Initiate of Gozag.
             Escaped with the Orb
             ... and 3 runes!
             The game lasted 02:49:46 (77438 turns).

Amnesiac the Slayer (Mummy Gladiator)              Turns: 77438, Time: 02:49:47

Health: 144/202    AC: 34    Str: 27      XL:     23   Next: 44%
Magic:  32/32      EV: 34    Int:  9 (10) God:    Gozag
Gold:   2249       SH:  0    Dex: 28      Spells: 6 memorised, 10 levels left

rFire  + . .     SeeInvis +     t - +5 lajatang (speed)
rCold  + + .     Gourm    .     M - +7 pearl dragon armour of Amorality {rN+ Str+6}
rNeg   + + +     Faith    .     (shield currently unavailable)
rPois  ∞         Spirit   .     y - +0 mask of the Dragon {MR+ Slay+3 SInv}
rElec  +         Dismiss  .     s - +2 cloak of the Thief {+Fog Slay-2 SInv Stlth+}
rCorr  .         Reflect  .     h - +0 pair of fencer's gloves {+Riposte Dex+6}
MR     +++..     Harm     .     v - +2 pair of boots of Subjectivity {Dex+5}
Stlth  +.........               k - amulet of the Air {Inacc +Fly rElec EV+5 RMsl}
                                G - ring "Haetuch" {rF+ rC+ SInv}
                                n - ring of protection from fire

@: very slightly contaminated, hasted, studying Throwing, repel missiles, very
quick
A: no food or potions, fire vulnerability, cold resistance 1, negative energy
resistance 3, torment resistance, unbreathing, in touch with death 1
a: Potion Petition, Call Merchant, Bribe Branch, Renounce Religion, Evoke Fog,
Evoke Flight
0: Orb of Zot
}: 3/15 runes: decaying, slimy, gossamer


You escaped.
You worshipped Gozag.
Gozag was most pleased with you.
You were not hungry.

You visited 10 branches of the dungeon, and saw 50 of its levels.
You visited the Abyss 1 time.
You also visited: Labyrinth and Ice Cave.

You collected 22496 gold pieces.
You spent 7423 gold pieces at shops.
You paid 12824 gold pieces to Gozag.

Inventory:

Hand Weapons
 t - a +5 lajatang of speed (weapon)
 z - the +9 trident of Pidghy {freeze, MR+ Int+7}
   (You bought it in a shop on level 9 of the Dungeon)

   It has been specially enchanted to freeze those struck by it, causing extra
   injury to most foes and up to half again as much damage against particularly
   susceptible opponents.
   It can also slow down cold-blooded creatures.
   It affects your intelligence (+7).
   It affects your resistance to hostile enchantments.
Armour
 c - the +2 pair of gloves of Pitsag {MR+}
   (You bought it in a shop on level 1 of the Swamp)

   It affects your resistance to hostile enchantments.
 d - a +2 pair of boots of flying
 h - the +0 pair of fencer's gloves (worn) {+Riposte Dex+6}
   (You bought it in a shop on level 1 of the Swamp)

   It affects your dexterity (+6).
 o - a +2 helmet of intelligence
 r - the +8 orange crystal plate armour {Archmagi, Int+3 Clar}
   (You bought it in a shop on level 1 of the Swamp)

   It affects your intelligence (+3).
   It protects you against confusion.
 s - the +2 cloak of the Thief (worn) {+Fog Slay-2 SInv Stlth+}
   (You bought it in a shop on level 1 of the Swamp)

   It affects your accuracy and damage with ranged weapons and melee attacks
   (-2).
   It lets you see invisible.
   It can be evoked to emit clouds of fog.
   It makes you more stealthy.
 v - the +2 pair of boots of Subjectivity (worn) {Dex+5}
   (You bought it in a shop on level 1 of the Swamp)

   It affects your dexterity (+5).
 y - the +0 mask of the Dragon (worn) {MR+ Slay+3 SInv}
   (You found it in a labyrinth)

   It affects your accuracy and damage with ranged weapons and melee attacks
   (+3).
   It affects your resistance to hostile enchantments.
   It lets you see invisible.
 M - the +7 pearl dragon armour of Amorality (worn) {rN+ Str+6}
   (You found it on level 5 of the Pits of Slime)

   It affects your strength (+6).
   It protects you from negative energy.
Rods
 u - a +0 rod of clouds (14/14)
   (You found it in a labyrinth)
Jewellery
 k - the amulet of the Air (around neck) {Inacc +Fly rElec EV+5 RMsl}
   (You bought it in a shop on level 3 of the Elven Halls)

   [amulet of inaccuracy]

   It reduces the accuracy of all your attacks.
   It affects your evasion (+5).
   It insulates you from electricity.
   It lets you fly.
   It protects you from missiles.
 l - the brooch of Shielding {Reflect SH+8}
   (You took it off a deep elf elementalist on level 3 of the Elven Halls)

   [amulet of reflection]

   It shields you and reflects attacks.
   It affects your SH (+8).
 n - a ring of protection from fire (left hand)
 x - an uncursed amulet of guardian spirit
 G - the ring "Haetuch" (right hand) {rF+ rC+ SInv}
   (You took it off a deep elf elementalist on level 3 of the Elven Halls)

   [ring of protection from cold]

   It protects you from fire.
   It protects you from cold.
   It lets you see invisible.
 W - an uncursed ring of resist corrosion
Wands
 a - a wand of iceblast (6/15)
 g - a wand of heal wounds (1/9)
 j - a wand of teleportation (0/9)
 w - a wand of digging (1/24)
 E - a wand of hasting (2/9)
 H - a wand of digging (11/24)
 Q - a wand of disintegration (4/24)
 U - a wand of paralysis (7/24)
Scrolls
 f - 10 scrolls of fog
 m - a scroll of magic mapping
 q - 9 scrolls of amnesia
 B - a scroll of blinking
 D - 13 scrolls of remove curse
 F - a scroll of fear
 I - 4 scrolls of enchant weapon
 K - 4 scrolls of identify
 O - a scroll of torment
 P - a scroll of recharging
Books
 e - a manual of Throwing
 R - a book of Maledictions

   Spells                             Type                      Level
   a - Corona                         Hexes                        1
   b - Ensorcelled Hibernation        Hexes/Ice                    2
   c - Confuse                        Hexes                        3
   d - Tukima's Dance                 Hexes                        3
   e - Dazzling Spray                 Conjuration/Hexes            3
Miscellaneous
 b - a lamp of fire
 i - a phial of floods
 J - 2 sacks of spiders
 L - a lamp of fire
 S - a fan of gales
 T - 3 boxes of beasts
 Y - a disc of storms
 Z - a lamp of fire


   Skills:
 - Level 21.7 Fighting
 - Level 14.0 Staves
 - Level 1.5 Throwing
 - Level 18.0 Armour
 + Level 18.3 Dodging
 - Level 12.0 Evocations


You had 10 spell levels left.
You knew the following spells:

 Your Spells              Type           Power        Failure   Level  Hunger
a - Apportation           Tloc           #.........   77%         1    N/A
b - Summon Butterflies    Summ           #.......     77%         1    N/A
c - Blink                 Tloc           N/A          92%         2    N/A
d - Passage of Golubria   Tloc           N/A          100%        4    N/A
e - Repel Missiles        Chrm/Air       #.....       92%         2    N/A
f - Corpse Rot            Necr           N/A          92%         2    N/A

Dungeon Overview and Level Annotations

Branches:
Dungeon (15/15)            Temple (1/1) D:4            Lair (6/6) D:9
  Swamp (4/4) Lair:2       Spider (4/4) Lair:3        Slime (5/5) Lair:6
    Orc (2/2) D:12            Elf (3/3) Orc:2        Vaults (0/5) D:14
 Depths (5/5) D:15            Zot (5/5) Depths:5

Altars:
Ashenzari
Cheibriados
Dithmenos
Elyvilon
Fedhas
Gozag
Hepliaklqana
Kikubaaqudgha
Makhleb
Nemelex Xobeh
Okawaru
Qazlal
Ru
Sif Muna
Trog
Uskayaw
Vehumet
Xom
Yredelemnul
Zin
The Shining One
Jiyva

Shops:
D:6 ?   D:9 (*   Orc:1 ?   Orc:2 [**:   Elf:3 (}==   Swamp:1 [[   Zot:5 [
Depths:4 *

Portals:
Hell: Depths:3 Depths:5
Trove: D:14 (give +2 storm dragon armour)

Annotations:
Elf:2 1 runed door


Innate Abilities, Weirdness & Mutations

You do not eat or drink.
Your flesh is vulnerable to fire.
You are immune to poison.
Your flesh is cold resistant. (rC+)
You are immune to negative energy. (rN+++)
You are immune to unholy pain and torment.
You can survive without breathing.
You are in touch with the powers of death.


Message History

There is a stone staircase leading down here.
An ice devil comes into view.
There is a stone staircase leading up here.
You climb upwards.
An Orb Guardian comes into view.
There is a stone staircase leading down here.
Evoke which item? (* to show all) (? for menu, Esc to quit)
Zapping:
E - a wand of hasting (3/9)
Press: ? - help, Shift-Dir - straight line, f - you You feel yourself speed up.
This wand has 2 charges left.
You see here a dagger.
The Orb Guardian hits you!!
Evoke which item? (* to show all) (? for menu, Esc to quit)
Zapping:
Q - a wand of disintegration (5/24)
Press: ? - help, Shift-Dir - straight line The rock wall explodes into countless fragments.
This wand has 4 charges left.
The Orb Guardian completely misses you.
You riposte.
You closely miss the Orb Guardian.
There is a staircase leading out of the dungeon here.
You have escaped!

........#'......####......'######
.###....#).......##........#.....
.# ####.#...##...##...##...#...##
.# #.#..####..##..####..###.# .#
#.#.!####..##..####..# #.# .#
#.#...##..2##...##...# #.## .#
#.#...............)..# #.#. .#
#.##......X...(.....## #.#.
.######.#######.@##(.###### #.#.
........#######..##..###### #.#.
.#########................## #.#.
.# #..................# #.#. .#
#...##...##...##...###.#. .#####
#..####..##..####).##..#. .....#
#..####..##..####..##.##. ####.#
#...##...##...##...##.##. #.#
#........##........##.##.


You could see an Orb Guardian and a lorocyproca (invisible).

Vanquished Creatures
  the Royal Jelly (Slime:5)
  2 orbs of fire (Zot:5)
  A Killer Klown (Zot:5)
  Saint Roka (Depths:1)
  3 golden dragons
  2 bone dragons
  Jorgrun (Swamp:3)
  3 tentacled monstrosities
  2 electric golems (Zot:5)
  13 Orb Guardians (Zot:5)
  Asterion (Elf:3)
  A deep elf master archer (Elf:3)
  A deep elf blademaster (Elf:3)
  24 acid blobs
  4 death cobs
  4 shadow dragons
  A tentacled starspawn (Abyss:2)
  9 thorn hunters
  2 draconian monks
  4 storm dragons
  Donald (Orc:2)
  14 azure jellies
  2 fire giants
  An iron dragon (Depths:4)
  13 emperor scorpions
  8 deep elf sorcerers (Elf:3)
  6 deep elf elementalists (Elf:3)
  A draconian scorcher (Zot:4)
  3 ghost moths
  3 frost giants
  A draconian shifter (Abyss:2)
  3 draconian callers
  6 draconian annihilators
  5 very ugly things
  4 stone giants
  6 deep elf demonologists (Elf:3)
  An entropy weaver (Spider:4)
  4 black draconians
  5 green draconians
  4 purple draconians
  2 white draconians (Zot:3)
  2 red draconians (Zot:4)
  3 mottled draconians
  A dire elephant (Lair:6)
  5 deep elf annihilators
  Azrael (Elf:1)
  10 spark wasps
  3 yellow draconians
  7 death oozes
  5 deep elf death magi (Elf:3)
  3 ettins
  2 jiangshi (Depths:5)
  2 deep elf high priests (Elf:3)
  A yaktaur captain (Depths:5)
  A minotaur (Lab)
  Josephine (Spider:1)
  9 fire dragons
  Erolcha (D:11)
  5 great orbs of eyes
  3 rakshasas
  28 hydras
  Fannar (Lair:2)
  A catoblepas (Lair:6)
  8 vault guards (D:14)
  4 centaur warriors
  12 ice dragons
  A satyr (shapeshifter) (D:15)
  8 death yaks
  2 deep troll shamans
  13 alligators
  2 ogre magi (D:15)
  3 spriggan berserkers (Depths:5)
  A vampire mage (Depths:5)
  4 orc high priests
  5 hell knights
  Nergalle (Lair:1)
  5 deep troll earth magi
  3 wretched stars (Abyss:2)
  27 deep elf knights
  2 iron trolls (D:15)
  4 spriggan druids
  5 glowing orange brains
  3 shambling mangroves
  7 unseen horrors
  3 deep trolls (D:15)
  6 hill giants
  12 swamp dragons
  Pikel (D:7)
  A wolf spider zombie (D:15)
  20 deep elf archers
  A wolf spider (shapeshifter) (Depths:5)
  8 orc knights
  25 ugly things
  5 orc sorcerers
  6 hornets
  17 orb spiders
  24 wolf spiders
  69 deep elf magi
  8 cyclopes
  6 shining eyes
  11 elephants
  2 manticores
  A moth of wrath (shapeshifter) (D:15)
  13 moths of wrath
  3 centaur zombies
  5 black mambas
  An eye of devastation (Slime:1)
  An ice statue (IceCv)
  2 smoke demons (Abyss:2)
  A torpor snail (shapeshifter) (D:15)
  2 orange demons
  Joseph (D:9)
  2 gargoyles
  17 spiny frogs
  2 torpor snails
  3 rime drakes
  A yaktaur (D:15)
  7 komodo dragons
  A freezing wraith (D:15)
  10 demonic crawlers
  2 kobold demonologists (D:12)
  A red devil (Abyss:2)
  3 meliai (Spider:4)
  32 jumping spiders
  A guardian mummy (D:14)
  4 two-headed ogres
  15 polar bears
  6 trolls
  10 tyrant leeches
  A two-headed ogre (shapeshifter) (D:14)
  A queen bee (Spider:4)
  The ghost of anything the Bolt Thrower, an amateur DgHu (D:5)
  20 blink frogs
  133 slime creatures
  Prince Ribbit (D:7)
  8 bog bodies
  4 raiju (Abyss:2)
  10 hippogriffs
  A ynoxinul (Abyss:2)
  5 shadows
  26 tarantellas
  88 redbacks
  13 spriggans
  6 wraiths
  6 water elementals
  Grum (D:8)
  A vampire (D:13)
  4 air elementals
  10 fire elementals
  47 yaks
  4 wyverns
  A basilisk (Lair:5)
  10 golden eyes
  A small abomination (Abyss:2)
  A hungry ghost (D:10)
  2 chaos spawn
  3 neqoxecs (Abyss:2)
  A mottled dragon (D:15)
  A steam dragon (D:11)
  10 insubstantial wisps
  16 vampire mosquitoes
  17 wargs
  A large abomination (Abyss:2)
  A soldier ant (D:11)
  29 swamp worms
  11 water moccasins
  2 hell hounds (Elf:1)
  16 porcupines
  11 swamp drakes
  A black bear (D:6)
  7 sky beasts
  A black bear (shapeshifter) (D:15)
  3 ice beasts
  12 wasps
  4 eyes of draining
  An eye of draining (shapeshifter) (D:13)
  45 orc warriors
  2 slaves (D:7)
  7 necrophages
  19 ogres
  5 boggarts (Depths:3)
  4 phantoms
  30 wolves
  9 centaurs
  9 crocodiles
  13 bullfrogs
  4 big kobolds
  3 earth elementals
  2 wyvern zombies
  7 scorpions
  19 killer bees
  31 wights
  3 electric eels (Spider:4)
  4 howler monkeys
  10 crimson imps
  2 quasits (D:5)
  A bullfrog zombie (D:10)
  6 centaur skeletons
  13 hounds
  4 jellies
  A bullfrog skeleton (D:4)
  27 orc priests
  34 orc wizards
  A gnoll shaman (D:6)
  11 iguanas
  Terence (D:2)
  11 worker ants
  A hound zombie (D:11)
  A mummy (D:11)
  2 hound skeletons
  A worker ant zombie (D:8)
  7 gnolls
  15 adders
  73 river rats
  2 shadow imps
  4 oozes
  An adder zombie (D:9)
  An adder skeleton (D:6)
  14 worms
  3 dart slugs
  5 leopard geckos
  146 orcs
  2 ball pythons
  4 giant cockroaches
  7 goblins
  5 hobgoblins
  19 jackals
  34 kobolds
  5 quokkas
  8 bats
  3 frilled lizards
  A leopard gecko skeleton (D:5)
  A quokka zombie (D:7)
  5 rats
  A spectral orc (D:2)
  2 briar patches (Swamp:3)
  A plant (Lair:4)
2026 creatures vanquished.

Vanquished Creatures (collateral kills)
  A Killer Klown (Zot:5)
  3 Orb Guardians (Zot:5)
  An acid blob (Slime:5)
  A yellow draconian (Zot:5)
  A hydra (Swamp:4)
  A dancing weapon (Elf:2)
  A rust devil (Zot:5)
  An eye of devastation (Slime:5)
  A tyrant leech (Swamp:4)
11 creatures vanquished.

Vanquished Creatures (others)
  An orb of fire (Zot:5)
  5 ancient liches (Zot:5)
  A tentacled monstrosity (Zot:3)
  7 Orb Guardians (Zot:5)
  A storm dragon (Zot:3)
  A draconian caller (Zot:4)
  A green draconian (Zot:5)
  A purple draconian (Zot:5)
  A red draconian (Zot:5)
  A fire dragon (Zot:4)
  31 dancing weapons
  A spriggan rider (Depths:5)
  A spiny frog (Lair:6)
  A jumping spider (Spider:4)
  A tyrant leech (Swamp:4)
  A slime creature (Slime:5)
  A spriggan (Swamp:4)
  2 water elementals (Elf:1)
  A ynoxinul (Zot:5)
  A wasp (Swamp:4)
  A slave (D:7)
  An orc priest (Depths:1)
  A shadow imp (Abyss:2)
  An orc (Depths:1)
  2 briar patches (Swamp:3)
  13 fungi
  34 plants
114 creatures vanquished.

Grand Total: 2151 creatures vanquished

Notes
Turn   | Place    | Note
-------+----------+-------------------------------------------
     0 | D:1      | Amnesiac the Mummy Gladiator began the quest for the Orb.
     0 | D:1      | Reached XP level 1. HP: 16/16 MP: 1/1
   125 | D:2      | Found a hide-covered altar of Uskayaw.
   186 | D:2      | Reached XP level 2. HP: 22/22 MP: 2/2
   374 | D:3      | Reached XP level 3. HP: 8/27 MP: 3/3
  1214 | D:4      | Reached XP level 4. HP: 33/33 MP: 4/4
  1374 | D:4      | Reached XP level 5. HP: 33/38 MP: 5/5
  1426 | D:4      | Noticed a sky beast
  1436 | D:4      | Reached skill level 5 in Staves
  1449 | D:4      | Killed a sky beast
  1449 | D:4      | Reached XP level 6. HP: 36/44 MP: 6/6
  1579 | D:4      | Found a staircase to the Ecumenical Temple.
  1588 | Temple   | Entered the Ecumenical Temple
  1949 | Temple   | Became a worshipper of Gozag Ym Sagoz the Greedy
  2122 | D:4      | Found a shimmering altar of Xom.
  2150 | D:4      | Reached XP level 7. HP: 48/50 MP: 7/7
  2411 | D:3      | Found a faded altar of an unknown god.
  2745 | D:2      | Found a burning altar of Makhleb.
  2745 | D:2      | Noticed Terence
  2754 | D:2      | Killed Terence
  2813 | D:2      | Found a sacrificial altar of Ru.
  3079 | D:2      | Found a basalt altar of Yredelemnul.
  4564 | D:2      | Found a radiant altar of Vehumet.
  4564 | D:2      | Found a glowing silver altar of Zin.
  4564 | D:2      | Found a shattered altar of Ashenzari.
  4774 | D:5      | Entered Level 5 of the Dungeon
  4931 | D:5      | Noticed anything's ghost (amateur DgHu)
  4948 | D:5      | Killed anything's ghost
  4948 | D:5      | Reached XP level 8. HP: 18/56 MP: 8/8
  5369 | D:5      | Found an ancient bone altar of Kikubaaqudgha.
  6320 | D:6      | Found a deep blue altar of Sif Muna.
  6340 | D:6      | Reached skill level 10 in Staves
  6589 | D:6      | Found Juqot's Magic Scroll Emporium.
  6785 | D:6      | Reached XP level 9. HP: 50/61 MP: 9/9
  8016 | D:7      | Noticed Prince Ribbit
  8049 | D:7      | Killed Prince Ribbit
  8147 | D:7      | Found a stormy altar of Qazlal.
  8393 | D:7      | Noticed Pikel
  8406 | D:7      | Killed Pikel
  8781 | D:8      | Reached skill level 3 in Fighting
  8781 | D:8      | Reached XP level 10. HP: 70/70 MP: 10/10
  8809 | D:8      | Reached skill level 4 in Fighting
  9430 | D:7      | Reached skill level 5 in Fighting
  9898 | D:8      | Reached skill level 6 in Fighting
  9962 | D:8      | Learned a level 1 spell: Apportation
  9964 | D:8      | Learned a level 1 spell: Summon Butterflies
  9967 | D:8      | Learned a level 2 spell: Blink
 10456 | D:9      | Reached skill level 7 in Fighting
 10728 | D:9      | Noticed Joseph
 10770 | D:9      | Killed Joseph
 10770 | D:9      | Reached skill level 8 in Fighting
 11126 | D:9      | Found a staircase to the Lair.
 11136 | D:9      | Reached skill level 9 in Fighting
 11165 | D:9      | Noticed a spiny frog
 11185 | D:9      | Killed a spiny frog
 11998 | D:8      | Noticed an orc sorcerer
 12021 | D:8      | Reached XP level 11. HP: 67/90 MP: 11/11
 12048 | D:9      | HP: 3/90 [orc warrior/flail (14)]
 12459 | D:9      | Paralysed by an orc sorcerer for 3 turns
 12476 | D:9      | Killed an orc sorcerer
 12476 | D:9      | Reached skill level 10 in Fighting
 12588 | D:8      | Noticed Grum
 12654 | D:8      | Killed Grum
 13531 | D:9      | Bought a scroll labeled LEOTTA KEEHIRGH for 24 gold pieces
 13531 | D:9      | Bought a crystal trident for 204 gold pieces
 13531 | D:9      | Identified the +9 trident of Pidghy {freeze, MR+ Int+7} (You bought it in a shop on level 9 of the Dungeon)
 13538 | D:10     | Entered Level 10 of the Dungeon
 13673 | D:10     | Noticed a hill giant
 13685 | D:10     | Killed a hill giant
 13990 | D:10     | Got a shimmering chain mail
 14001 | D:10     | Identified the cursed +1 chain mail of the Shining Light {Str-3 Dex+10} (You found it on level 10 of the Dungeon)
 14116 | D:10     | Noticed a hill giant
 14124 | D:10     | Killed a hill giant
 14449 | D:10     | Killed an unseen horror
 14814 | D:11     | Noticed Erolcha
 14825 | D:11     | Killed Erolcha
 14998 | D:11     | Identified a scroll of acquirement
 15282 | D:10     | Killed an unseen horror
 15593 | D:11     | Reached XP level 12. HP: 97/97 MP: 12/12
 15793 | Lair:1   | Entered Level 1 of the Lair of Beasts
 15996 | Lair:1   | Noticed a five-headed hydra
 16010 | Lair:1   | Killed a five-headed hydra
 16010 | Lair:1   | Reached skill level 11 in Fighting
 16461 | Lair:1   | Noticed Nergalle
 16485 | Lair:1   | Killed Nergalle
 16863 | Lair:2   | Reached skill level 12 in Fighting
 17040 | Lair:2   | Noticed Fannar
 17049 | Lair:2   | Killed Fannar
 17542 | Lair:2   | Found a staircase to the Swamp.
 17613 | Lair:3   | Found a hole to the Spider Nest.
 17751 | Lair:3   | Reached skill level 13 in Fighting
 19136 | Lair:4   | Noticed a four-headed hydra
 19331 | Lair:4   | Reached skill level 14 in Fighting
 19383 | Lair:4   | Gained mutation: You are in touch with the powers of death. [Mummy growth]
 19383 | Lair:4   | Reached XP level 13. HP: 75/113 MP: 13/13
 19560 | Lair:4   | Reached skill level 1 in Armour
 20751 | Lair:5   | Identified Igrula's Guide on Calling
 20845 | Lair:5   | Got a distressingly furry ring mail
 21558 | Lair:6   | Entered Level 6 of the Lair of Beasts
 21914 | Lair:6   | Found a staircase to the Slime Pits.
 22049 | Lair:6   | Reached skill level 5 in Armour
 22059 | Lair:6   | Reached skill level 5 in Dodging
 23719 | Lair:6   | Reached XP level 14. HP: 112/120 MP: 14/14
 24227 | Lair:6   | Identified the +0 ring mail of the Engineer {rF+ rN+} (You found it on level 5 of the Lair of Beasts)
 24237 | Lair:6   | Learned a level 4 spell: Passage of Golubria
 24834 | D:12     | Found a staircase to the Orcish Mines.
 25902 | Orc:1    | Entered Level 1 of the Orcish Mines
 25953 | Orc:2    | Entered Level 2 of the Orcish Mines
 25953 | Orc:2    | Noticed Donald
 25973 | Orc:2    | Found a frozen archway.
 25980 | IceCv    | Entered an ice cave
 27013 | IceCv    | Noticed a frost giant
 27062 | IceCv    | Killed a frost giant
 27886 | Orc:2    | Found a staircase to the Elven Halls.
 29253 | Orc:2    | Killed Donald
 29460 | Orc:2    | Found Wianweil's Book Shop.
 29460 | Orc:2    | Found Zerchi's Antique Armour Shop.
 29485 | Orc:2    | Found Ezisog's Assorted Antiques.
 29490 | Orc:2    | Found Jigg's General Store.
 29502 | Orc:2    | Bought a scroll labeled CUOWES LARRUAKK for 34 gold pieces
 30340 | Orc:1    | Reached XP level 15. HP: 53/126 MP: 15/15
 30902 | Orc:1    | Bought a scroll of enchant weapon for 105 gold pieces
 30902 | Orc:1    | Bought a scroll of acquirement for 728 gold pieces
 30946 | Orc:1    | Bought a scroll of enchant armour for 105 gold pieces
 31171 | D:6      | Bought a scroll of enchant armour for 105 gold pieces
 31344 | Swamp:1  | Entered Level 1 of the Swamp
 31353 | Swamp:1  | Bought the +0 pair of fencer's gloves {+Riposte Dex+6} for 361 gold pieces
 31358 | Swamp:1  | Bought the +2 cloak of the Thief {+Fog Slay-2 SInv Stlth+} for 826 gold pieces
 31541 | Swamp:1  | Bought a runed helmet for 117 gold pieces
 31541 | Swamp:1  | Bought a pair of translucent boots for 247 gold pieces
 31551 | Swamp:1  | Identified the +2 pair of boots of Subjectivity {Dex+5} (You bought it in a shop on level 1 of the Swamp)
 31563 | Swamp:1  | Bought a pair of transparent gloves for 247 gold pieces
 31573 | Swamp:1  | Identified the +2 pair of gloves of Pitsag {MR+} (You bought it in a shop on level 1 of the Swamp)
 31664 | Swamp:1  | Reached skill level 10 in Dodging
 31780 | Swamp:1  | Noticed a thorn hunter
 31799 | Swamp:1  | Killed a thorn hunter
 31799 | Swamp:1  | Reached skill level 10 in Armour
 32169 | Swamp:1  | Noticed a thorn hunter
 32190 | Swamp:1  | Killed a thorn hunter
 32911 | Swamp:1  | Found a glowing golden altar of the Shining One.
 33959 | Swamp:1  | HP: 2/126 [spiny frog[a spriggan druid] (33)]
 34823 | Swamp:2  | Noticed a thorn hunter
 34837 | Swamp:2  | Killed a thorn hunter
 35376 | Swamp:3  | Noticed Jorgrun
 35380 | Swamp:3  | Noticed a thorn hunter
 35391 | Swamp:3  | Killed Jorgrun
 35403 | Swamp:3  | Noticed a thorn hunter
 35709 | Swamp:2  | HP: 5/126 [thorn hunter (14)]
 35715 | Swamp:2  | HP: 1/126 [thorn hunter/volley of thorns (42)]
 35722 | Swamp:2  | Killed a thorn hunter
 36088 | Swamp:3  | Killed a thorn hunter
 36368 | Swamp:3  | Noticed a thorn hunter
 36378 | Swamp:3  | Killed a thorn hunter
 36378 | Swamp:3  | Reached XP level 16. HP: 94/133 MP: 16/16
 37223 | Swamp:4  | Entered Level 4 of the Swamp
 37576 | Swamp:4  | Noticed a thorn hunter
 37584 | Swamp:4  | Killed a thorn hunter
 38443 | Swamp:4  | Noticed a thorn hunter
 38467 | Swamp:4  | Killed a thorn hunter
 38590 | Swamp:4  | Noticed a thorn hunter
 38607 | Swamp:4  | Killed a thorn hunter
 39601 | Swamp:4  | Got a decaying rune of Zot
 40058 | Spider:1 | Entered Level 1 of the Spider Nest
 40576 | Spider:1 | Noticed Josephine
 40622 | Spider:1 | Killed Josephine
 41112 | Spider:2 | Reached XP level 17. HP: 120/139 MP: 17/17
 43447 | Spider:4 | Entered Level 4 of the Spider Nest
 43641 | Spider:4 | Reached skill level 1 in Evocations
 43660 | Spider:4 | Got a scintillating copper ring
 43661 | Spider:4 | Identified the ring "Wocropyt" {-Tele rElec rF- EV+4 Int+5 SInv} (You found it on level 4 of the Spider Nest)
 47001 | Spider:4 | Reached XP level 18. HP: 135/146 MP: 20/20
 47483 | Spider:4 | Got a gossamer rune of Zot
 47728 | Spider:4 | Reached skill level 15 in Armour
 48198 | Elf:1    | Entered Level 1 of the Elven Halls
 48210 | Elf:1    | Reached skill level 15 in Dodging
 48248 | Elf:1    | Noticed Azrael
 48261 | Elf:1    | Killed Azrael
 49880 | Elf:1    | Learned a level 2 spell: Repel Missiles
 50843 | Elf:2    | Found a runed door.
 50866 | Elf:2    | Found a runed door.
 52428 | Elf:2    | HP: 5/146 [glowing halberd (21)]
 52781 | Elf:2    | Reached XP level 19. HP: 142/152 MP: 21/21
 53142 | Elf:3    | Entered Level 3 of the Elven Halls
 53765 | Elf:3    | Found Pecopsit's Weapon Boutique.
 53830 | Elf:3    | Noticed Asterion
 53855 | Elf:3    | Killed Asterion
 54584 | Elf:3    | Found Pucoicwu's Gadget Boutique.
 54584 | Elf:3    | Found Qyma's Jewellery Shoppe.
 54585 | Elf:3    | Found Civennops's Jewellery Shoppe.
 54590 | Elf:3    | Bought the amulet of the Air {Inacc +Fly rElec EV+5 RMsl} for 761 gold pieces
 55068 | Elf:3    | Noticed a Tzitzimitl
 55553 | Elf:3    | Cast into level 2 of the Abyss (a deep elf sorcerer)
 55773 | Abyss:2  | Reached skill level 15 in Fighting
 55843 | Abyss:2  | Noticed a bone dragon
 55922 | Abyss:2  | Killed a bone dragon
 55964 | Elf:3    | Escaped the Abyss
 56430 | Elf:3    | Got a coiled silver ring
 56948 | Elf:3    | Reached skill level 16 in Fighting
 56950 | Elf:3    | Got a faintly glowing ruby amulet
 57390 | Elf:3    | Got a translucent wooden ring
 57394 | Elf:3    | Identified the ring "Delop" {+Inv MR+} (You took it off a deep elf sorcerer on level 3 of the Elven Halls)
 57396 | Elf:3    | Identified the amulet of Atrutzusm {Spirit MR+ Str+3 Dex+5 Slay-4} (You took it off a deep elf sorcerer on level 3 of the Elven Halls)
 57407 | Elf:3    | Identified the ring "Haetuch" {rF+ rC+ SInv} (You took it off a deep elf elementalist on level 3 of the Elven Halls)
 57531 | Elf:3    | Reached XP level 20. HP: 143/167 MP: 22/22
 57656 | Elf:3    | Identified the Incunabulum of Displaced Necromancy
 57753 | Elf:3    | Identified the Handbook of Dusty Dark Rites
 57807 | Elf:3    | Learned a level 2 spell: Corpse Rot
 58131 | Swamp:1  | Bought the +8 orange crystal plate armour {Archmagi, Int+3 Clar} for 3559 gold pieces
 58229 | Lair:4   | Reached skill level 17 in Fighting
 58282 | Slime:1  | Entered Level 1 of the Pits of Slime
 60240 | Slime:1  | Reached skill level 18 in Fighting
 62251 | Slime:5  | Entered Level 5 of the Pits of Slime
 62573 | Slime:5  | Found a viscous altar of Jiyva.
 62577 | Slime:5  | Noticed the Royal Jelly
 65583 | Slime:5  | Killed the Royal Jelly
 65583 | Slime:5  | Reached skill level 5 in Evocations
 65711 | Slime:5  | Reached XP level 21. HP: 125/177 MP: 25/25
 65907 | Slime:5  | Got a slimy rune of Zot
 65984 | Slime:5  | Identified Sobe's Volume of the Floating Oath
 66046 | Slime:5  | Got a shimmering pearl dragon armour
 66047 | Slime:5  | Identified the +7 pearl dragon armour of Amorality {rN+ Str+6} (You found it on level 5 of the Pits of Slime)
 67386 | D:14     | Found a hazy altar of Hepliaklqana.
 67512 | D:14     | Found a portal to a secret trove of treasure.
 67675 | D:14     | Found a gate to the Vaults.
 68328 | D:15     | Entered Level 15 of the Dungeon
 68375 | D:15     | Found a labyrinth entrance.
 68431 | Lab      | Entered a labyrinth
 68605 | Lab      | Got a warped glass ring
 68834 | D:15     | Got a ring of the Octopus King
 68836 | D:15     | Identified a ring of the Octopus King {AC+1 EV+1 Str+1 Int+1 Dex+1 SInv} (You found it on level 15 of the Dungeon)
 68840 | D:15     | Identified the ring "Xezxet" {Ice -Tele +Inv rPois SInv} (You found it in a labyrinth)
 68842 | D:15     | Identified a +0 rod of clouds (14/14) (You found it in a labyrinth)
 69040 | D:15     | Found a staircase to the Depths.
 69072 | Depths:1 | Entered Level 1 of the Depths
 69097 | Depths:1 | Noticed Saint Roka
 69734 | D:15     | Reached skill level 10 in Evocations
 70664 | Depths:1 | Killed Saint Roka
 71058 | Depths:2 | Noticed a juggernaut
 71185 | Depths:3 | Found a gateway to Hell.
 71549 | Depths:4 | Found Peiwn's General Store.
 71565 | Depths:5 | Entered Level 5 of the Depths
 71565 | Depths:5 | Noticed a juggernaut
 71591 | Depths:5 | HP: 3/177 [juggernaut (11)]
 71973 | Depths:4 | Noticed a golden dragon
 71983 | Depths:4 | Killed a golden dragon
 72486 | Depths:5 | Noticed a golden dragon
 72517 | Depths:5 | Killed a golden dragon
 72517 | Depths:5 | Reached XP level 22. HP: 171/186 MP: 31/31
 72543 | Depths:5 | Reached skill level 19 in Fighting
 73029 | Depths:5 | Found a gate to the Realm of Zot.
 73098 | Depths:5 | Reached skill level 20 in Fighting
 73117 | Depths:5 | Noticed a golden dragon
 73134 | Depths:5 | Killed a golden dragon
 73593 | Zot:1    | Entered Level 1 of the Realm of Zot
 73622 | Zot:1    | Reached skill level 21 in Fighting
 74656 | Zot:5    | Entered Level 5 of the Realm of Zot
 74680 | Zot:5    | Noticed an orb of fire
 74729 | Zot:5    | Killed an orb of fire
 75096 | Zot:5    | Noticed an ancient lich
 75139 | Zot:5    | Reached XP level 23. HP: 104/202 MP: 32/32
 75239 | Zot:5    | Noticed an ancient lich
 75243 | Zot:5    | Noticed an ancient lich
 75246 | Zot:5    | Noticed an orb of fire
 75253 | Zot:5    | Noticed an ancient lich
 75254 | Zot:5    | Killed an ancient lich
 75260 | Zot:5    | Noticed an orb of fire
 75263 | Zot:5    | Noticed an ancient lich
 75337 | Zot:5    | Killed an ancient lich
 75582 | Zot:5    | Killed an orb of fire
 76251 | Zot:5    | Noticed a Killer Klown
 76252 | Zot:5    | Noticed an ancient lich
 76285 | Zot:5    | Killed a Killer Klown
 76396 | Zot:5    | Noticed an ancient lich
 76454 | Zot:5    | Killed an ancient lich
 76482 | Zot:5    | Noticed a Killer Klown
 76488 | Zot:5    | Killed a Killer Klown
 76496 | Zot:5    | Noticed an orb of fire
 76736 | Zot:5    | Got the Orb of Zot
 76780 | Zot:5    | Noticed an ancient lich
 76838 | Zot:1    | Noticed an orb of fire
 77074 | D:15     | Noticed Wuga the pandemonium lord
 77438 | D:$      | Escaped with the Orb!

Vault maps used:
D:1:      minmay_arrival_four_loops
D:2:      yredelemnul_forgotten_temple_becter, eat_drink_and_be_merry_uskayaw,
          nicolae_overflow_hidden_temple, lightli_temple_of_fire, first_bread,
          uniq_terence
D:3:      ecumenical_altar_1
D:4:      led_xom_imps
D:5:      kiku_gazebo_garden_becter
D:6:      kennysheep_little_box, serial_shops, nicolae_shop_waterfront
D:7:      grunt_qazlal_clouds, minmay_misc_feat_more_columns, uniq_pikel,
          uniq_prince_ribbit1
D:8:      lemuel_castle_with_subvaults, serial_glass, glass_columns_b,
          glass_columns_a, glass_columns_a, glass_columns_c, glass_columns_a,
          glass_columns_b, glass_columns_b, glass_columns_b, uniq_grum
D:9:      dpeg_lair_monsters, uniq_joseph
D:11:     serial_undead, serial_undead_e, serial_undead_d, serial_undead_d,
          serial_undead_f, serial_undead_a, uniq_erolcha
D:12:     david_orc_3
D:13:     hangedman_stone_soup
D:14:     erik_vaults_2, lemuel_tele_altar, nicolae_trove_entry_path_of_doom
D:15:     gammafunk_enter_depths_forms, hangedman_abyss_or_decor_lesser_grid,
          lab_entry_generic
Temple:   dpeg_chambers_temple
Lair:1:   beast_lair_carwin_7, uniq_nergalle
Lair:2:   minmay_swamp_entry_worms, uniq_fannar
Lair:3:   spider_nest_entry_a
Lair:4:   grunt_megastairs_5
Lair:5:   infiniplex_staircase_pool
Lair:6:   grunt_lair_end_beastmaster, nicolae_slime_entry_slimehenge,
          minivault_23, st_stairs_6
Swamp:1:  serial_swamp_ruin, evilmike_swamp_ruin_house_3,
          evilmike_swamp_ruin_rubble_2, evilmike_swamp_ruin_house_4,
          swamp_pool4, nicolae_swamp_godswood, nicolae_swamp_spriggan_camp,
          infiniplex_staircase_pool_2
Swamp:2:  nicolae_swamp_fairy_circle
Swamp:3:  evilmike_swamp_ruin_house_6, uniq_jorgrun
Swamp:4:  swamp, hangedman_swamp_lotus, swamp_pool2
Spider:1: spider_trap, uniq_josephine
Spider:2: worms_lemuel
Spider:3: nicolae_spider_circle_web
Spider:4: grunt_spider_rune_circles, nicolae_looking_at_the_future
Slime:3:  nicolae_slime_phagocytosis, uniq_dissolution
Orc:2:    st_orc_elflike, portal_ice_cave_rime, uniq_donald
Elf:1:    elf_arrival_002, evilmike_minifort,
          hangedman_elven_crosses_minicolossus, uniq_azrael
Elf:3:    minmay_elf_hall_x, serial_shops, shop_fountains, nrook_mini_backslash,
          corexii_checkpoint_a, moated_statue, grunt_megastairs_3,
          minmay_shop_grove, uniq_asterion
Depths:1: lightli_too_deep, minmay_misc_feat_pillars, minmay_misc_feat_five,
          kennysheep_four_rooms, uniq_saint_roka
Depths:2: evilmike_inaccessible_box, abyss_entry_small_statue_room, hellmouth_1,
          infiniplex_staircase_zigzag_5, hex_medium, minmay_misc_feat_square
Depths:3: minmay_three_patterns, hangedman_tar_grid_catacomb, serial_sigils,
          serial_sigils_hangedman_shear, serial_sigils_hangedman_leer,
          serial_sigils_hangedman_stare, serial_sigils_hangedman_etch,
          serial_sigils_hangedman_scar, pan_entry,
          nicolae_abyss_entry_one_way_or_another, serial_shops, shop,
          nicolae_elemental_shop
Depths:4: kennysheep_cluttered_fort, enter_ziggurat_f, serial_shops, shop,
          hangedman_abyss_entry_splay, hell_entry, hangedman_decor_growths,
          small_statue_intersection, uniq_xtahua
Depths:5: grunt_zot_entry_bicorn, hell_entry, roderic_aztec_sauvastika
Zot:1:    hangedman_zot_decor_tridents
Zot:4:    nicolae_zot_stationary_front
Lab:      labyrinth_mini_lab, nicolae_lab_starburst
IceCv:    ice_cave_caverns_02

Skill      XL: |  1  2  3  4  5  6  7  8  9 10 11 12 13 14 15 16 17 18 19 20 21 22 23 |
---------------+----------------------------------------------------------------------+-----
Staves         | 3 4 5 6 8 10 12 13 14 | 14.0
Fighting       | 3 9 10 14 16 18 21 | 21.7
Armour         | 6 9 11 13 14 16 17 18 | 18.0
Dodging        | 6 9 11 13 14 16 17 18 | 18.3
Evocations     | 3 6 12 | 12.0
Throwing       | |  1.5

Action                   |  1- 3 |  4- 6 |  7- 9 | 10-12 | 13-15 | 16-18 | 19-21 | 22-24 || total
-------------------------+-------+-------+-------+-------+-------+-------+-------+-------++-------
Melee: Quarterstaff      |    56 |       |   107 |   631 |       |       |       |       ||   794
       Trident           |       |   126 |   621 |   189 |    30 |   176 |     6 |       ||  1148
       Lajatang          |       |       |       |   489 |  2116 |  2429 |  3980 |  1045 || 10059
Throw: Throwing net      |     1 |       |       |     4 |     1 |       |       |       ||     6
Invok: Potion Petition   |       |       |       |     2 |       |       |     2 |       ||     4
       Call Merchant     |       |       |       |     2 |     3 |       |       |     1 ||     6
       Bribe Branch      |       |       |       |       |       |       |       |     2 ||     2
 Abil: Evoke Fog         |       |       |       |       |     3 |       |     3 |       ||     6
Evoke: Wand              |       |       |       |       |    11 |    14 |    24 |    17 ||    66
       Box of beasts     |       |       |       |       |     1 |     3 |     5 |       ||     9
       Lamp of fire      |       |       |       |       |       |       |     2 |       ||     2
       Disc of storms    |       |       |       |       |       |       |    18 |       ||    18
       Sack of spiders   |       |       |       |       |       |       |     7 |       ||     7
       Phantom mirror    |       |       |       |       |       |       |     1 |     1 ||     2
       Fan of gales      |       |       |       |       |       |       |     1 |       ||     1
  Use: Scroll            |     2 |       |     6 |    10 |    16 |    17 |    27 |    13 ||    91
 Stab: Held in net/web   |     2 |       |       |     3 |     2 |     1 |       |       ||     8
       Distracted        |       |       |     4 |     3 |    18 |    18 |    18 |    11 ||    72
       Invisible         |       |       |       |     2 |       |       |       |       ||     2
       Paralysed         |       |       |       |       |       |     1 |       |     2 ||     3
       Fleeing           |       |       |       |       |       |     1 |       |       ||     1
       Confused          |       |       |       |       |       |       |       |     1 ||     1
Armor: Leather armour    |    13 |       |       |       |       |       |       |       ||    13
       Skin              |       |     2 |       |       |       |       |       |       ||     2
       Chain mail        |       |    53 |   423 |   573 |   651 |   806 |   215 |       ||  2721
       Crystal plate arm |       |       |       |       |       |       |   665 |       ||   665
       Pearl dragon armo |       |       |       |       |       |       |   149 |   192 ||   341
Dodge: Dodged            |    30 |    62 |   262 |   326 |   726 |  1353 |  2082 |   682 ||  5523
       Deflected         |       |       |       |       |       |       |    93 |    18 ||   111
Block: Large shield      |       |       |       |    51 |       |       |       |       ||    51
       Other             |       |       |       |       |       |       |     4 |       ||     4
       Reflection        |       |       |       |       |       |       |     2 |       ||     2
